 Dungeon Crawl Stone Soup version 0.25-a0-292-gaa31f046c4 (webtiles) character file.

Game seed: 10031223777584748298, levelgen mode: classic

57 Borgoz the Sneak (level 4, -3/29 HPs)
             Began as a Halfling Assassin on Dec 15, 2019.
             Slain by Natasha (5 damage)
             ... on level 2 of the Dungeon.
             The game lasted 00:01:45 (1051 turns).

Borgoz the Sneak (Halfling Assassin)                Turns: 1051, Time: 00:01:45

Health: -3/29      AC:  6    Str: 12    XL:     4   Next: 18%
Magic:  4/4        EV: 14    Int:  9    God:
Gold:   11         SH:  0    Dex: 16    Spells: 3/3 levels left

rFire    . . .     SeeInvis .   a - +2 dagger
rCold    . . .     Gourm    .   (shield restricted)
rNeg     . . .     Faith    .   h - +0 leather armour (curse)
rPois    .         Spirit   .   n - +1 helmet
rElec    .         Reflect  .   c - +0 cloak
rCorr    .         Harm     .   (no gloves)
MR       .....                  (no boots)
Stlth    +++.......             (no amulet)
HPRegen  0.09/turn              (no ring)
MPRegen  0.09/turn              (no ring)

@: slowed, very slow
A: small, mutation resistance 1
a: no special abilities


You were on level 2 of the Dungeon.
You were hungry.

You visited 1 branch of the dungeon, and saw 2 of its levels.

You collected 11 gold pieces.

Inventory:

Hand Weapons
 a - a +2 dagger (weapon)
Armour
 c - a +0 cloak (worn)
 h - a cursed +0 leather armour (worn)
 n - a +1 helmet (worn)
Jewellery
 b - an uncursed ring of fire {unknown}
 i - an uncursed ring of ice {unknown}
Scrolls
 g - 2 scrolls of fear {unknown}
 j - a scroll of magic mapping {unknown}
 k - a scroll of enchant weapon {unknown}
 l - a scroll of remove curse {unknown}
Comestibles
 f - a ration
 m - 12 chunks of flesh


   Skills:
 * Level 2.3 Fighting
 * Level 3.1 Short Blades
 - Level 2.0 Throwing
 * Level 1.7 Armour
 * Level 2.0 Dodging
 + Level 4.6 Stealth


You had 3 spell levels left.
You didn't know any spells.
Your spell library was empty.

Dungeon Overview and Level Annotations

Branches:
Dungeon (2/15)

Altars:

Annotations:
D:2 Natasha


Innate Abilities, Weirdness & Mutations

You are small and have problems with some larger weapons.
You are somewhat resistant to further mutation.


Message History

You closely miss Natasha.
Natasha is lightly wounded.
Natasha closely misses you.
You hit Natasha.
Natasha is moderately wounded.
Natasha closely misses you.
Okay, then.
You are feeling hungry.
You barely miss Natasha.
Natasha is moderately wounded.
Natasha claws you.
* * * LOW HITPOINT WARNING * * *
You closely miss Natasha.
Natasha is moderately wounded.
Natasha casts a spell at you.
You feel yourself slow down.
You closely miss Natasha.
Natasha is moderately wounded.
Natasha claws you.
You die...

... .. #.# #.#
... ... ### #.#
#.# .##.........
....#.#.#.#s#.#
#............
#.#(# #.@######
# #.h<....#
#.##..####)#
........##.#####
####..#.g÷g....#
#..#.##.#####
#.>.....#
####.#### #gg.#


You could see Natasha.

Vanquished Creatures
  Robin (D:2)
  2 adders (D:2)
  3 bats (D:1)
  A giant cockroach (D:1)
  12 goblins
  3 hobgoblins
  A ball python (D:1)
  4 frilled lizards
  A rat (D:1)
28 creatures vanquished.

Notes
Turn   | Place    | Note
-------+----------+-------------------------------------------
     0 | D:1      | Borgoz the Halfling Assassin began the quest for the Orb.
     0 | D:1      | Reached XP level 1. HP: 14/14 MP: 1/1
   228 | D:1      | Reached XP level 2. HP: 19/19 MP: 2/2
   568 | D:2      | Reached skill level 1 in Armour
   570 | D:2      | Reached XP level 3. HP: 24/24 MP: 3/3
   573 | D:2      | Noticed Natasha
   619 | D:2      | Noticed Robin
  1031 | D:2      | Killed Robin
  1031 | D:2      | Reached XP level 4. HP: 13/29 MP: 4/4
  1051 | D:2      | Slain by Natasha

Levels and vault maps discovered:
D:1:      minmay_arrival_wavy_path, layout_loops_ring
D:2:      layout_loops_cross, minitemple, solitary_fountain, st_stairs_10,
          uniq_crazy_yiuf_cottage, uniq_natasha, uniq_robin

Skill      XL: |  1  2  3 |
---------------+----------+-----
Fighting       | 2 |  2.3
Armour         | 1 |  1.7
Short Blades   | 3 |  3.1
Dodging        | 2 |  2.0
Throwing       | |  2.0
Stealth        | |  4.6

Action                   |  1- 3 |  4- 6 || total
-------------------------+-------+-------++-------
Melee: Dagger            |    89 |     7 ||    96
Throw: Dart              |     1 |       ||     1
 Stab: Sleeping          |     6 |       ||     6
Armor: Robe              |     3 |       ||     3
       Leather armour    |    14 |       ||    14
Dodge: Dodged            |    65 |     2 ||    67

Table legend:
 A = Non-vault XP
 B = Vault XP
 C = Vault XP percentage of total XP
 D = Non-vault monster count
 E = Vault monster count
 F = Vault count percentage of total count
                 A         B        C        D         E       F
            +---------+---------+-------+---------+---------+-------
      Total |      45 |      37 |  45.1 |      15 |      13 |  46.4
            +---------+---------+-------+---------+---------+-------
        D:1 |      14 |      15 |  51.7 |      10 |       8 |  44.4
        D:2 |      31 |      22 |  41.5 |       5 |       5 |  50.0
            +---------+---------+-------+---------+---------+-------
